 Dungeon Crawl Stone Soup version 0.24.0-123-gd5b16e6ec5 (webtiles) character file.

Game seed: 1044964045073737389, levelgen mode: deterministic

183 Exporg the Poker (level 5, -2/39 HPs)
             Began as a Merfolk Gladiator on Dec 22, 2019.
             Slain by an orc
             ... wielding a +0 trident
              (3 damage)
             ... on level 3 of the Dungeon.
             The game lasted 00:03:48 (2511 turns).

Exporg the Poker (Merfolk Gladiator)                Turns: 2511, Time: 00:03:49

Health: -2/39      AC:  7    Str: 15    XL:     5   Next: 62%
Magic:  7/7        EV: 10    Int:  8    God:
Gold:   85         SH:  0    Dex: 15    Spells: 7/7 levels left

rFire    . . .     SeeInvis .   a - +0 trident
rCold    . . .     Gourm    .   (no shield)
rNeg     . . .     Faith    .   n - +0 ring mail
rPois    .         Spirit   .   c - +0 helmet
rElec    .         Reflect  .   (no cloak)
rCorr    .         Harm     .   (no gloves)
MR       .....                  p - +0 pair of boots
Stlth    +.........             (no amulet)
HPRegen  0.13/turn              x - -3 ring of evasion (curse)
MPRegen  0.10/turn              (no ring)

@: no status effects
A: change form in water, swift swim, stealthy swim
a: no special abilities


You were on level 3 of the Dungeon.
You were not hungry.

You visited 1 branch of the dungeon, and saw 3 of its levels.

You collected 85 gold pieces.

Inventory:

Hand Weapons
 a - a +0 trident (weapon)
Missiles
 d - 3 throwing nets (quivered)
Armour
 b - a +0 leather armour
 c - a +0 helmet (worn)
 n - a +0 ring mail (worn)
 p - a +0 pair of boots (worn)
Jewellery
 x - a cursed -3 ring of evasion (left hand)
Wands
 u - a wand of flame (8)
Scrolls
 e - a scroll of amnesia
 h - 4 scrolls of identify
 l - a scroll of magic mapping {unknown}
 m - 3 scrolls of blinking {unknown}
 q - 3 scrolls of teleportation {unknown}
 s - 2 scrolls of enchant weapon {unknown}
Potions
 g - a potion of brilliance {unknown}
 i - a potion of berserk rage {unknown}
 j - a potion of magic {unknown}
 k - a potion of flight {unknown}
 o - 2 potions of might {unknown}
 r - a potion of invisibility {unknown}
 t - a potion of degeneration {unknown}
 w - a potion of resistance {unknown}
Comestibles
 f - 3 rations
 v - 8 chunks of flesh


   Skills:
 + Level 2.6 Fighting
 + Level 6.4 Polearms
 + Level 2.0 Throwing
 + Level 1.0 Armour
 + Level 5.0 Dodging
 + Level 1.3 Stealth
 * Level 1.7 Spellcasting


You had 7 spell levels left.
You didn't know any spells.
Your spell library was empty.

Dungeon Overview and Level Annotations

Branches:
Dungeon (3/15)

Altars:
Makhleb
Nemelex Xobeh
Ru
Trog


Message History

You barely miss the gnoll.
The gnoll is severely wounded.
The gnoll hits you with a +0 club!
* * * LOW HITPOINT WARNING * * *
You puncture the gnoll!
You kill the gnoll!
Your Armour skill increases to level 1!
Your Dodging skill increases to level 5!
The orc hits you but does no damage. The orc hits you with a +0 trident.
* * * LOW HITPOINT WARNING * * *
Found a spear and a ring mail.
There is an open door, spattered with blood here.
Items here: )) ††† a +0 club x2; a gnoll corpse; a goblin corpse; a kobold corpse The orc barely misses you.
You hit the orc but do no damage. The orc hits you with a +0 trident.
* * * LOW HITPOINT WARNING * * *
You barely miss the orc. The orc hits you with a +0 trident.
You die...

..[.(.÷....##.#######'######
##.#
........)..)..######.)## #.#
...........####..##....# #.#
...........# #....'....# #(#
......###### #....##..## #.#
......# ####..#####+ #..
......# ##..#'##)?(## .
..##### #...)##.....## ###
#....)@......#
##..##o..8...# ##+##.......+
##.....## #[$$## ####


You could see an orc.

Vanquished Creatures
  An orc wizard (D:3)
  A gnoll (D:3)
  7 adders
  An ooze (D:1)
  A worm (D:3)
  3 dart slugs
  3 leopard geckos
  6 orcs (D:3)
  A ball python (D:1)
  3 bats
  8 giant cockroaches
  11 goblins
  5 hobgoblins
  A jackal (D:3)
  2 frilled lizards (D:1)
  6 kobolds
  A rat (D:2)
61 creatures vanquished.

Notes
Turn   | Place    | Note
-------+----------+-------------------------------------------
     0 | D:1      | Exporg the Merfolk Gladiator began the quest for the Orb.
     0 | D:1      | Reached XP level 1. HP: 16/16 MP: 1/1
   162 | D:1      | Reached XP level 2. HP: 23/23 MP: 1/3
   636 | D:1      | Reached skill level 5 in Polearms
   637 | D:1      | Reached XP level 3. HP: 28/28 MP: 4/4
  1173 | D:2      | Reached XP level 4. HP: 34/34 MP: 5/5
  1181 | D:2      | Reached skill level 1 in Spellcasting
  1616 | D:2      | Found a burning altar of Makhleb.
  1810 | D:3      | Reached skill level 1 in Stealth
  1994 | D:3      | Found a sacrificial altar of Ru.
  2045 | D:3      | Reached skill level 6 in Polearms
  2045 | D:3      | Reached XP level 5. HP: 34/39 MP: 7/7
  2340 | D:3      | Found a sparkling altar of Nemelex Xobeh.
  2340 | D:3      | Found a bloodstained altar of Trog.
  2507 | D:3      | Reached skill level 1 in Armour
  2507 | D:3      | Reached skill level 5 in Dodging
  2510 | D:3      | HP: 1/39 [orc/+0 trident (4)]
  2511 | D:3      | Slain by an orc

Levels and vault maps discovered:
D:1:      psy_arrival_dodecagon, layout_loops_corners
D:2:      layout_loops_ring, nicolae_overflow_hidden_temple,
          kennysheep_generic_room_8
D:3:      minmay_bubble_buster, layout_basic, overflow_temple_1_default,
          gammafunk_temple_overflow_elements

Skill      XL: |  1  2  3  4  5 |
---------------+----------------+-----
Polearms       | 5 6 |  6.4
Spellcasting   | 1 |  1.7
Stealth        | 1 |  1.3
Armour         | 1 |  1.0
Dodging        | 5 |  5.0
Fighting       | |  2.6
Throwing       | |  2.0

Action                   |  1- 3 |  4- 6 || total
-------------------------+-------+-------++-------
Melee: Trident           |    79 |   147 ||   226
  Use: Scroll            |     2 |     1 ||     3
 Stab: Sleeping          |     1 |     2 ||     3
  Eat: Chunk             |       |     5 ||     5
Armor: Leather armour    |     6 |       ||     6
       Ring mail         |    12 |    41 ||    53
Dodge: Dodged            |    47 |    74 ||   121
